 Dungeon Crawl Stone Soup version 0.24.0-13-gcf9b319 (webtiles) character file.

Game seed: 7886488799838491717, levelgen mode: deterministic

360 Bronimir the Ducker (level 6, -10/59 HPs)
             Began as an Ogre Fire Elementalist on Mar 5, 2020.
             Mangled by Pikel
             ... wielding a +1 whip of electrocution
              (14 damage)
             ... on level 5 of the Dungeon.
             The game lasted 00:11:31 (4728 turns).

Bronimir the Ducker (Ogre Fire Elementalist)        Turns: 4728, Time: 00:11:31

Health: -10/59     AC:  3    Str: 21    XL:     6   Next: 65%
Magic:  10/11      EV: 12    Int: 16    God:
Gold:   259        SH:  0    Dex: 16    Spells: 3/11 levels left

rFire    . . .     SeeInvis .   a - +5 spear of the Magi {pierce, +Rage Str+2 Dex+7}
rCold    . . .     Gourm    .   (no shield)
rNeg     . . .     Faith    .   p - +0 robe
rPois    .         Spirit   .   (helmet restricted)
rElec    .         Reflect  .   (no cloak)
rCorr    .         Harm     .   (gloves unavailable)
MR       .....                  (boots unavailable)
Stlth    ++........             (no amulet)
HPRegen  0.19/turn              n - +4 ring of strength
MPRegen  0.12/turn              (no ring)

@: marked, very slightly contaminated
A: large, unfitting armour, tough skin 1
a: Evoke Berserk Rage


You were on level 5 of the Dungeon.
You were hungry.

You visited 1 branch of the dungeon, and saw 5 of its levels.

You collected 259 gold pieces.

Inventory:

Hand Weapons
 a - the +5 spear of the Magi (weapon) {pierce, +Rage Str+2 Dex+7}
   (You found it on level 4 of the Dungeon)

   It inflicts extra damage upon your enemies.
   It affects your strength (+2).
   It affects your dexterity (+7).
   It lets you go berserk.
 d - a +0 club
 e - a +1 spear
 i - a +0 hand axe
 r - a +0 shortbow
 s - a +0 flail
 z - a +0 battleaxe
 A - a +0 glaive
Missiles
 b - 65 stones
 g - 115 bolts
 k - 14 poisoned darts (quivered)
 o - 82 arrows
Armour
 p - a +0 robe (worn)
Jewellery
 n - a +4 ring of strength (left hand)
Scrolls
 f - a scroll of teleportation
 m - 4 scrolls of identify
 q - 2 scrolls of amnesia
 v - a scroll of enchant armour {unknown}
 w - 2 scrolls of enchant weapon
 y - 2 scrolls of remove curse
Potions
 h - 2 potions of haste
 j - 4 potions of curing
 l - 2 potions of ambrosia
 t - a potion of degeneration {unknown}
 u - 2 potions of flight {unknown}
 x - a potion of cancellation {unknown}
Comestibles
 c - 5 rations
 B - 3 chunks of flesh


   Skills:
 + Level 2.8 Fighting
 * Level 2.4 Polearms
 + Level 0.3 Throwing
 * Level 3.6 Dodging
 - Level 1.4 Stealth
 + Level 3.3 Spellcasting
 + Level 2.0 Conjurations
 + Level 0.3 Hexes
 + Level 0.3 Necromancy
 + Level 3.2 Fire Magic
 * Level 0.6 Evocations


You had 3 spell levels left.
You knew the following spells:

 Your Spells              Type           Power        Failure   Level  Hunger
a - Flame Tongue          Conj/Fire      ##...        6%          1    None
b - Throw Flame           Conj/Fire      ##....       10%         2    ##.....
c - Conjure Flame         Conj/Fire      ##......     19%         3    ###....
d - Confusing Touch       Hex            #.....       16%         1    None
e - Animate Skeleton      Necr           N/A          16%         1    None

Your spell library contained the following spells:

 Spells                   Type           Power        Failure   Level  Hunger
 Sting                    Conj/Pois      #...         12%         1    None
 Apportation              Tloc           #.....       19%         1    None
 Summon Small Mammal      Summ           #...         19%         1    None
 Poisonous Vapours        Pois/Air       #.....       26%         2    ##.....
 Inner Flame              Hex/Fire       #.......     26%         3    ###....
 Mephitic Cloud           Conj/Pois/Air  #.......     38%         3    ###....
 Confuse                  Hex            #.......     43%         3    ###....
 Gell's Gravitas          Tloc           #.........   47%         3    ###....
 Sticky Flame             Conj/Fire      ##......     52%         4    ####...
 Fireball                 Conj/Fire      ##........   86%         5    ######.
 Olgreb's Toxic Radiance  Pois           #.......     87%         4    ####...
 Petrify                  Tmut/Erth      #.......     87%         4    ####...
 Venom Bolt               Conj/Pois      #.........   97%         5    ######.
 Metabolic Englaciation   Hex/Ice        #.........   99%         5    ######.
 Yara's Violent Unravell  Hex/Tmut       #.........   99%         5    ######.


Dungeon Overview and Level Annotations

Branches:
Dungeon (5/15)
 Temple: D:4-7

Altars:
Kikubaaqudgha
Ru
Zin

Annotations:
D:3 1 transporter, Bronimir's ghost, amateur OpCj
D:5 Pikel


Innate Abilities, Weirdness & Mutations

You are too large for most types of armour.
You have tough skin. (AC +1)


Message History

Pikel hits you with a +1 whip of electrocution.
* * * LOW HITPOINT WARNING * * *
You hit Pikel but do no damage.
Pikel appears confused.
Pikel hits the slave with a +1 whip of electrocution.
You hit Pikel but do no damage.
Pikel hits you with a +1 whip of electrocution!
* * * LOW HITPOINT WARNING * * *
You strike the helpless Pikel from behind!
You hit Pikel.
Pikel is lightly wounded.
Pikel closely misses you.
You completely miss Pikel.
Pikel is lightly wounded.
Pikel barely misses you.
You hit Pikel.
Pikel is moderately wounded.
Pikel hits you with a +1 whip of electrocution.
* * * LOW HITPOINT WARNING * * *
You are electrocuted!
You die...

#......####.#
##......... ......##
### ##########
......# ......#
.##..## . #.## .##.#
#...# #####
#########
#.#######...#
#@##....#
#p........#.#
#K##.##.#
...########.#
#p##.##.# K.## #.#
#p##.##.# ..# ## #.#
#p##.##.# ... #..
#.# #s......# ..#
.... #.####.......#
###
#....##.#..........#
#..................#


You could see Pikel (confused), 3 slaves and a giant cockroach.

Vanquished Creatures
  A slave (D:5)
  A howler monkey (D:4)
  2 hounds
  An iguana (D:5)
  3 worker ants (D:4)
  4 gnolls (D:5)
  3 adders
  An ooze (D:4)
  5 worms
  A dart slug (D:2)
  5 leopard geckos
  2 orcs
  A ball python (D:2)
  5 giant cockroaches
  10 goblins
  12 hobgoblins
  4 jackals (D:1)
  8 bats
  3 frilled lizards
  3 kobolds
  7 rats
82 creatures vanquished.

Notes
Turn   | Place    | Note
-------+----------+-------------------------------------------
     0 | D:1      | Bronimir the Ogre Fire Elementalist began the quest for the
                  | Orb.
     0 | D:1      | Reached XP level 1. HP: 16/16 MP: 3/3
   251 | D:1      | Reached skill level 1 in Conjurations
   263 | D:1      | Reached XP level 2. HP: 18/26 MP: 3/5
   376 | D:1      | Reached skill level 1 in Fighting
   408 | D:1      | Learned a level 2 spell: Throw Flame
   600 | D:1      | Reached XP level 3. HP: 32/33 MP: 6/6
  1142 | D:2      | Learned a level 3 spell: Conjure Flame
  1640 | D:2      | Learned a level 1 spell: Confusing Touch
  1986 | D:2      | Reached XP level 4. HP: 25/42 MP: 8/8
  2507 | D:3      | Noticed an ogre
  2508 | D:3      | Found a transporter.
  2509 | D:3      | Noticed an ogre
  2509 | D:3      | Noticed Bronimir's ghost (amateur OpCj)
  2509 | D:3      | Identified the +7 dire flail of Desperation {protect, +Inv
                  | rF+ rC+++ Str-3}
  2509 | D:3      | Noticed an ogre
  2551 | D:3      | Reached skill level 1 in Polearms
  2573 | D:3      | Learned a level 1 spell: Animate Skeleton
  3083 | D:4      | Reached XP level 5. HP: 49/49 MP: 5/9
  3088 | D:4      | Found a glowing silver altar of Zin.
  3554 | D:4      | Got a scorched spear
  3555 | D:4      | Identified the +5 spear of the Magi {pierce, +Rage Str+2
                  | Dex+7} (You found it on level 4 of the Dungeon)
  3689 | D:4      | Reached XP level 6. HP: 45/59 MP: 10/10
  3942 | D:5      | Entered Level 5 of the Dungeon
  3943 | D:5      | Found a sacrificial altar of Ru.
  4536 | D:5      | Found an ancient bone altar of Kikubaaqudgha.
  4619 | D:5      | Noticed a slave
  4620 | D:5      | Noticed a slave
  4622 | D:5      | Noticed a slave
  4622 | D:5      | Noticed Pikel
  4623 | D:5      | Noticed a slave
  4712 | D:5      | Killed a slave
  4728 | D:5      | Mangled by Pikel

Levels and vault maps discovered:
D:1:      roderic_chinese_lattice_arrival, layout_rooms, minmay_misc_feat_room
D:2:      layout_basic
D:3:      layout_basic, first_ration, gammafunk_ghost_smash
D:4:      layout_gridville, marbit_many_paths, minmay_box_of_dots
D:5:      layout_rooms, old_standard_altar, lemuel_coloured_pillars_altar,
          nicolae_overflow_crystal_walls, uniq_pikel

Skill      XL: |  1  2  3  4  5  6 |
---------------+-------------------+-----
Conjurations   | 1 2 |  2.0
Fighting       | 1 2 |  2.8
Fire Magic     | 3 |  3.2
Dodging        | 2 3 |  3.6
Polearms       | 1 2 |  2.4
Spellcasting   | 3 |  3.3
Throwing       | |  0.3
Stealth        | |  1.4
Hexes          | |  0.3
Necromancy     | |  0.3
Evocations     | |  0.6

Action                   |  1- 3 |  4- 6 || total
-------------------------+-------+-------++-------
Melee: Spear             |   128 |   165 ||   293
       Club              |     7 |       ||     7
       Unarmed           |     2 |       ||     2
Throw: Dart              |     7 |       ||     7
 Cast: Flame Tongue      |    24 |    52 ||    76
       Confusing Touch   |     1 |     3 ||     4
       Animate Skeleton  |       |     4 ||     4
  Use: Scroll            |     4 |     8 ||    12
 Stab: Sleeping          |     5 |     1 ||     6
       Confused          |       |     5 ||     5
  Eat: Chunk             |     2 |     7 ||     9
       Ration            |       |     1 ||     1
Armor: Robe              |    58 |    36 ||    94
Dodge: Dodged            |    81 |    88 ||   169
